 Dungeon Crawl Stone Soup version 0.29.0-4-gdea44cf6ec (webtiles) character file.

Game seed: 545958728684025064

39 qw the Chopper (level 3, 0/21 HPs)
             Began as a Tengu Warper on Aug 28, 2022.
             Slain by Natasha (6 damage)
             ... on level 2 of the Dungeon.
             The game lasted 00:00:07 (1783 turns).

qw the Chopper (Tengu Warper)                       Turns: 1783, Time: 00:00:07

Health: 0/21       AC:  5    Str: 13    XL:     3   Next: 47%
Magic:  7/7        EV: 11    Int: 13    God:
Gold:   103        SH:  0    Dex: 13    Spells: 6/6 levels left

rFire   . . .      SeeInvis .   Y - +0 hand axe
rCold   . . .      Faith    .   (no shield)
rNeg    . . .      Spirit   .   d - +0 ring mail
rPois   .          Reflect  .   (helmet restricted)
rElec   .          Harm     .   (no cloak)
rCorr   .          Rampage  .   (no gloves)
Will    .....                   (boots unavailable)
Stlth   +.........              (no amulet)
HPRegen 0.07/turn               (no ring)
MPRegen 0.10/turn               (no ring)

@: slowed, very slow
A: beak, talons 3
a: no special abilities


You were on level 2 of the Dungeon.
You visited 1 branch of the dungeon, and saw 2 of its levels.

You collected 103 gold pieces.


Innate Abilities, Weirdness & Mutations

You have a beak for a mouth.
You have claws for feet.


   Skills:
 - Level 2.0 Fighting
 + Level 4.2 Axes
 - Level 1.0 Throwing
 - Level 1.1 Armour
 - Level 2.1 Dodging
 - Level 2.0 Spellcasting
 - Level 2.4 Translocations


You had 6 spell levels left.
You didn't know any spells.
Your spell library contained the following spells:

 Spells                   Type           Power      Damage    Failure   Level
 Blink                    Tloc           14%        N/A       30%         2
 Gell's Gravitas          Tloc           7%         N/A       52%         3
 Lesser Beckoning         Tloc           7%         N/A       52%         3
 Teleport Other           Tloc           7%         N/A       52%         3
 Manifold Assault         Tloc           7%         N/A       99%         5

Inventory:

Hand Weapons
 k - a +0 whip
 Y - a +0 hand axe (weapon)
Armour
 d - a +0 ring mail (worn)
Potions
 a - a potion of heal wounds {unknown}
 e - a potion of ambrosia {unknown}
 h - a potion of flight {unknown}

Dungeon Overview and Level Annotations

Branches:
Dungeon (2/15)

Altars:

Annotations:
D:2 Natasha


Message History

The quokka bites you.
You hit the quokka.
You kill the quokka!
You start resting.
HP restored.
You see here a +0 quarterstaff.
A rat comes into view.
You slash the rat!
You kill the rat!
Found a stone staircase leading up.
Found an escape hatch in the ceiling.
a - a sapphire potion
There is a stone staircase leading up here.
Natasha, Servant of Life and Death comes into view.
Natasha hisses angrily.
Enter note:
Enter note: You closely miss Natasha.
Natasha casts a spell at you.
You feel yourself slow down.
You barely miss Natasha. You claw Natasha.
Natasha is lightly wounded.
Natasha barely misses you. Natasha claws you.
You hit Natasha. You claw Natasha. You peck Natasha, but do no damage.
Natasha is heavily wounded.
Natasha barely misses you.
You hit Natasha. You claw Natasha, but do no damage.
Natasha is almost dead.
Natasha stares at you and mumbles some strange words.
The magic dart hits you. Natasha casts a spell at you. The magic dart hits you.
You barely miss Natasha.
Natasha is almost dead.
Natasha claws you.
You hit Natasha but do no damage. Your peck misses Natasha.
Natasha is almost dead.
Natasha mumbles some strange words.
Natasha claws you.
You die...

#.#### ##.....##
#..# #. ##>..##
#.## #. ##+##
#.# #. #. #.# #.
#.# ##.# #.#
##...## #.#
###.....### #.#
......h@..####.#
.####5###......#
# ########


You could see Natasha and a white imp (summoned).

Vanquished Creatures
  3 dart slugs (D:1)
  5 ball pythons (D:1)
  3 endoplasms (D:1)
  3 jackals (D:1)
  3 kobolds (D:1)
  3 quokkas
  A bat (D:1)
  3 frilled lizards (D:1)
  3 goblins (D:1)
  5 rats
32 creatures vanquished.

Vanquished Creatures (others)
  2 plants (D:1)
2 creatures vanquished.

Grand Total: 34 creatures vanquished

Notes
Turn   | Place    | Note
-------+----------+-------------------------------------------
     0 | D:1      | qw the Tengu Warper began the quest for the Orb.
     0 | D:1      | Reached XP level 1. HP: 12/12 MP: 4/4
     0 | D:1      | 0 ||| qw: Version: 0.1-a-89-g26bdef1
     0 | D:1      | 0 ||| qw: Game counter: 3146
     0 | D:1      | 0 ||| qw: Always use a shield: true
     0 | D:1      | 0 ||| qw: God list: Okawaru
     0 | D:1      | 0 ||| qw: Allow faded altars: false
     0 | D:1      | 0 ||| qw: Do Orc after D:15 true
     0 | D:1      | 0 ||| qw: Do second Lair branch before Depths: true
     0 | D:1      | 0 ||| qw: Lair rune preference: random
     0 | D:1      | 0 ||| qw: Plans: Normal
     0 | D:1      | 0 ||| PLANNING D:1-11
    85 | D:1      | 85 ||| Stepping ~*~*~tactically~*~*~ (stealth).
    89 | D:1      | 89 ||| Stepping ~*~*~tactically~*~*~ (stealth).
    91 | D:1      | 91 ||| Stepping ~*~*~tactically~*~*~ (stealth).
    93 | D:1      | 93 ||| Stepping ~*~*~tactically~*~*~ (stealth).
   187 | D:1      | Reached XP level 2. HP: 17/17 MP: 6/6
   218 | D:1      | 218 ||| Stepping ~*~*~tactically~*~*~ (stealth).
   223 | D:1      | Reached skill level 3 in Axes
   287 | D:1      | 287 ||| Stepping ~*~*~tactically~*~*~ (stealth).
   288 | D:1      | 288 ||| Stepping ~*~*~tactically~*~*~ (stealth).
   629 | D:1      | 629 ||| Stepping ~*~*~tactically~*~*~ (stealth).
   630 | D:1      | 630 ||| Stepping ~*~*~tactically~*~*~ (stealth).
   633 | D:1      | 633 ||| Stepping ~*~*~tactically~*~*~ (stealth).
   634 | D:1      | 634 ||| Stepping ~*~*~tactically~*~*~ (stealth).
   812 | D:1      | 812 ||| Stepping ~*~*~tactically~*~*~ (stealth).
   814 | D:1      | 814 ||| Stepping ~*~*~tactically~*~*~ (stealth).
   863 | D:1      | 863 ||| Stepping ~*~*~tactically~*~*~ (hiding).
   866 | D:1      | 866 ||| Stepping ~*~*~tactically~*~*~ (hiding).
   873 | D:1      | Reached XP level 3. HP: 17/21 MP: 7/7
  1171 | D:1      | Reached skill level 4 in Axes
  1596 | D:1      | 1596 ||| UPGRADING to +0 ring mail.
  1606 | D:1      | 1606 ||| DROPPING +0 leather armour.
  1607 | D:1      | 1607 ||| READING scroll labelled TOKABU WYNIEBB.
  1608 | D:1      | 1608 ||| READING scroll labelled BATIUSEMEUPH.
  1609 | D:1      | 1609 ||| READING scroll labelled ZUOGUD TEPH.
  1613 | D:1      | 1613 ||| READING scroll labelled LEUM XANTUSHRAQUT.
  1614 | D:1      | 1614 ||| DROPPING scroll of blinking.
  1775 | D:2      | Noticed Natasha
  1783 | D:2      | Slain by Natasha

Levels and vault maps discovered:
D:1:      dpeg_arrival_arbitrary_c, layout_basic, st_stairs_2,
          serial_bayou_pond_a
D:2:      layout_loops_corners, serial_shops, nicolae_square_shop,
          minmay_misc_feat_four_crosses, uniq_natasha, uniq_sigmund

Skill      XL: |  1  2  3 |
---------------+----------+-----
Axes           | 3 4 |  4.2
Fighting       | |  2.0
Throwing       | |  1.0
Armour         | |  1.1
Dodging        | |  2.1
Spellcasting   | |  2.0
Translocations | |  2.4

Action                   || total
-------------------------++-------
Melee: Hand axe          ||    70
       Kick              ||    17
       Peck              ||     9
       Punch             ||     1
Throw: Boomerang         ||     7
  Use: Scroll            ||     4
Armor: Leather armour    ||     8
       Ring mail         ||     1
Dodge: Dodged            ||    34

Table legend:
 A = Non-vault XP
 B = Vault XP
 C = Vault XP percentage of total XP
 D = Non-vault monster count
 E = Vault monster count
 F = Vault count percentage of total count
                 A         B        C        D         E       F
            +---------+---------+-------+---------+---------+-------
      Total |      52 |       5 |   8.8 |      29 |       3 |   9.4
            +---------+---------+-------+---------+---------+-------
        D:1 |      49 |       5 |   9.3 |      27 |       3 |  10.0
        D:2 |       3 |       0 |   0.0 |       2 |       0 |   0.0
            +---------+---------+-------+---------+---------+-------
